 Dungeon Crawl Stone Soup version 0.31.0-10-gcf4a605ca0 (webtiles) character file.

Game seed: 16317547471040474149

163 emikaela the Ruffian (level 5, -6/38 HPs)
             Began as a Vampire Shapeshifter on Jan 26, 2024.
             Mangled by a gnoll
             ... wielding a +0 flail
              (14 damage)
             ... on level 3 of the Dungeon.
             The game lasted 00:12:17 (3066 turns).

emikaela the Ruffian (Vampire Shapeshifter)         Turns: 3066, Time: 00:12:17

Health: -6/38      AC:  2    Str: 15    XL:     5   Next: 20%
Magic:  5/5        EV: 13    Int: 12    God:
Gold:   128        SH:  0    Dex: 14    Spells: 4/4 levels left

rFire   . .          .
                       - Unarmed
rCold   . . .        (no shield)
rNeg    . . .        a - +0 animal skin
rPois   .            (helmet currently unavailable)
rElec   .            (cloak currently unavailable)
rCorr   .            (gloves currently unavailable)
SInv    +            (boots currently unavailable)
Will    .....        (no amulet)
Stlth   ++           (no ring)
HPRegen 0.46/turn    (no ring)
MPRegen 0.09/turn

%: no passive effects
@: beast-form, healing quickly
A: beast (slay +2), alive, fangs 3, see invisible, vampiric 2
a: Exsanguinate, Begin Untransformation


You were on level 3 of the Dungeon.
You were a hulking beast.
You visited 1 branch of the dungeon, and saw 3 of its levels.

You collected 128 gold pieces.

Inventory:

Missiles
 i - 3 poisoned darts
 j - 6 silver javelins
 s - 42 stones (quivered)
Armour
 a - a +0 animal skin (worn)
 o - a +1 helmet
Talismans
 c - a beast talisman
 d - a flux talisman
Wands
 F - a wand of flame (10)
Scrolls
 e - 2 scrolls of poison {!r}
 g - 2 scrolls of teleportation {unknown}
 p - a scroll of vulnerability {unknown}
Potions
 b - a potion of lignification {!q}
 f - 2 potions of heal wounds {unknown}
 h - a potion of ambrosia
 k - 2 potions of curing {unknown}
 l - a potion of haste
 m - 2 potions of enlightenment {unknown}
 n - a potion of attraction {!q}


   Skills:
 + Level 2.1 Fighting
 - Level 3.1 Dodging
 + Level 3.2 Stealth
 + Level 4.0 Unarmed Combat
 + Level 0.8 Evocations
 + Level 3.9 Shapeshifting


You had 4 spell levels left.
You didn't know any spells.
Your spell library contained the following spells:

 Spells                   Type           Power      Damage    Failure   Level
 Cigotuvi's Dreadful Rot  Necr/Alch/Air  0%         N/A       45%         2
 Inner Flame              Hex/Fire       0%         N/A       69%         3
 Flame Wave               Conj/Fire      0%         2d4       97%         4
 Ignite Poison            Fire/Alch      0%         N/A       97%         4
 Sticky Flame             Fire/Alch      0%         2d4       97%         4
 Freezing Cloud           Conj/Ice/Air   0%         6-21      100%        5


Dungeon Overview and Level Annotations

Branches:
Dungeon (3/15)

Altars:
Cheibriados
Kikubaaqudgha
Makhleb
Xom

Shops:
D:2 :

Annotations:
D:3 2 runed translucent doors, bl3nd3r's ghost, amateur MiBe


Innate Abilities, Weirdness & Mutations

You are a hulking beast.
Your limbs bulge with bestial killing power. (Slay +2)
Your natural rate of healing is accelerated.
You have razor-sharp teeth.
You have supernaturally acute eyesight. (SInv)
You are afflicted with vampirism and can become a bat while bloodless.


Message History

You see here a hound corpse.
A gnoll comes into view. It is wielding a +0 whip.
A ball python comes into view.
A ball python is nearby!
A ball python is nearby!
The ball python hisses angrily.
Found a chain mail.
You now have 118 gold pieces (gained 3).
A ball python is nearby!
The ball python bites you. The ball python misses you.
The ball python closely misses you. The ball python misses you.
You hit the ball python.
You kill the ball python!
No target in view!
You now have 128 gold pieces (gained 10).
A gnoll comes into view. It is wielding a +0 flail.
A gnoll comes into view. It is wielding a +0 flail.
The gnoll moves out of view.
Found 4 stones.
You see here a hound corpse.
There is a stone staircase leading up here.
A frilled lizard comes into view.
A gnoll is nearby!
A gnoll is nearby!
The gnoll shouts!
You hear an angry hiss.
You closely miss the gnoll. The gnoll barely misses you.
You closely miss the gnoll. The gnoll barely misses you.
You hit the gnoll.
The gnoll is heavily wounded.
A gnoll comes into view. It is wielding a +0 club.
The gnoll hits you with a +0 flail!
The gnoll shouts!
The gnoll attacks as it pursues you! The gnoll hits you with a +0 flail!
There is an open door here.
The gnoll attacks as it pursues you! The gnoll hits you with a +0 flail!
* * * LOW HITPOINT WARNING * * *
You hit the gnoll.
The gnoll is heavily wounded.
The gnoll hits you with a +0 flail!
You die...

#<.†#
#...##.##..####.###
###.#
#...##.##.......... .#
#...##.#......#.... .#
#####...##....###.#####
..
.........#>............
##
######.#.#.######.#####
#.#.#.# #.# #.#.#.# #.#
#h#.#.# #.# ###g#.#.#
#.# #.....#.# #.#
#.....# #.. #.....# ###
#..g..# #....## #....#
#....#


You could see 2 gnolls.

Vanquished Creatures
  A hound (D:3)
  Jessica (D:2)
  Robin (D:2)
  An adder (D:2)
  2 ufetubi (D:3)
  A ribbon worm (D:2)
  A dart slug (D:1)
  6 ball pythons
  7 endoplasms
  5 giant cockroaches
  12 goblins
  7 hobgoblins
  5 kobolds
  A quokka (D:3)
  7 bats
  4 frilled lizards
  6 rats
68 creatures vanquished.

Notes
Turn   | Place    | Note
-------+----------+-------------------------------------------
     0 | D:1      | emikaela the Vampire Shapeshifter began the quest for the
                  | Orb.
     0 | D:1      | Reached XP level 1. HP: 14/14 MP: 1/1
    22 | D:1      | Reached skill level 1 in Fighting
    70 | D:1      | Reached skill level 1 in Stealth
    70 | D:1      | Reached XP level 2. HP: 21/21 MP: 2/2
   299 | D:1      | Found a faded altar of an unknown god.
   361 | D:1      | Gained mutation: You are afflicted with vampirism and can
                  | become a bat while bloodless. [Vampire growth]
   361 | D:1      | Reached XP level 3. HP: 23/26 MP: 3/3
   813 | D:2      | Noticed Robin
   886 | D:2      | Found Puemo's Book Shoppe.
  1289 | D:2      | Noticed Jessica
  1408 | D:2      | Killed Jessica
  1409 | D:2      | Reached XP level 4. HP: 22/33 MP: 4/4
  1931 | D:2      | Killed Robin
  2307 | D:3      | Found a large runed translucent door.
  2307 | D:3      | Found a large runed translucent door.
  2311 | D:3      | Noticed bl3nd3r's ghost (amateur MiBe)
  2632 | D:3      | Found an ancient bone altar of Kikubaaqudgha.
  2632 | D:3      | Found a burning altar of Makhleb.
  2632 | D:3      | Found a snail-covered altar of Cheibriados.
  2646 | D:3      | Found a shimmering altar of Xom.
  2835 | D:3      | Reached skill level 4 in Unarmed Combat
  2835 | D:3      | Reached XP level 5. HP: 29/38 MP: 5/5
  3066 | D:3      | Mangled by a gnoll

Illustrated notes

Levels and vault maps discovered:
D:1:      lightli_molten_gateway, layout_rooms,
          dreamdust_ecumenical_altar_angels_and_demons, nrook_loot_triangle,
          minivault_23
D:2:      layout_loops_corners, serial_shops, nicolae_shop_tiny_waterfront,
          serial_rivers, chequers_serial_rivers_small_b,
          chequers_serial_rivers_room_a, chequers_serial_rivers_marsh,
          chequers_serial_rivers_micro_e, chequers_serial_rivers_room_a,
          chequers_serial_rivers_micro_c, dk_vineyard_1,
          minmay_misc_feat_more_columns, serial_park_tiny_1, uniq_jessica,
          uniq_robin
D:3:      layout_basic, mainiacjoe_overflow_catwalk,
          nicolae_overflow_quartered_altars, ebering_ghost_disaster_area

Skill      XL: |  1  2  3  4 |
---------------+-------------+-----
Fighting       | 1 2 |  2.1
Stealth        | 1 2 3 |  3.2
Dodging        | 3 |  3.1
Unarmed Combat | 4 |  4.0
Evocations     | |  0.8
Shapeshifting  | |  3.9

Action                     |  1- 3 |  4- 6 || total
---------------------------+-------+-------++-------
  Melee: Unarmed           |   106 |    84 ||   190
         Bite              |     9 |     4 ||    13
         Punch             |     3 |     3 ||     6
    Use: Scroll            |     2 |     3 ||     5
   Stab: Sleeping          |     5 |     4 ||     9
 Armour: Animal skin       |    39 |    57 ||    96
  Dodge: Dodged            |    32 |    49 ||    81
